 Dungeon Crawl Stone Soup version 0.30-a0-172-gc5509c9e31 (webtiles) character file.

Game seed: 5008788816334218245

39 Sobieck the Sneak (level 3, -3/21 HPs)
             Began as a Kobold Brigand on Oct 1, 2022.
             Slain by a goblin
             ... wielding a +1 dagger of electrocution
             ... led by Robin
              (13 damage)
             ... on level 2 of the Dungeon.
             The game lasted 00:01:38 (1094 turns).

Sobieck the Sneak (Kobold Brigand)                  Turns: 1094, Time: 00:01:39

Health: -3/21      AC:  3    Str:  8    XL:     3   Next: 67%
Magic:  3/3        EV: 15    Int: 12    God:
Gold:   26         SH:  0    Dex: 18    Spells: 2/2 levels left

rFire   . . .      SeeInvis .    a - +2 dagger {short}
rCold   . . .      Faith    .    (no shield)
rNeg    . . .      Spirit   .    b - +0 robe
rPois   .          Reflect  .    (no helmet)
rElec   .          Harm     .    c - +0 cloak
rCorr   .          Rampage  .    (no gloves)
Will    .....                    (no boots)
Stlth   ++++......               (no amulet)
HPRegen 0.23/turn                (no ring)
MPRegen 0.08/turn                (no ring)

@: no status effects
A: small, no large weapons, nightstalker 3
a: no special abilities


You were on level 2 of the Dungeon.
You visited 1 branch of the dungeon, and saw 2 of its levels.

You collected 26 gold pieces.


Innate Abilities, Weirdness & Mutations

You are small and have problems with some larger weapons.
You are completely attuned to the shadows.


   Skills:
 - Level 2.1 Fighting
 + Level 3.6 Short Blades
 - Level 2.1 Throwing
 + Level 2.4 Dodging
 + Level 6.0 Stealth


You had 2 spell levels left.
You didn't know any spells.
Your spell library contained the following spells:

 Spells                   Type           Power      Damage    Failure   Level
 Hailstorm                Conj/Ice       0%         3d3       69%         3
 Ice Form                 Ice/Tmut       0%         N/A       97%         4
 Simulacrum               Ice/Necr       0%         N/A       100%        6

Inventory:

Hand Weapons
 a - a +2 dagger (weapon) {short}
Missiles
 d - 9 poisoned darts (quivered) {throwing}
 e - 3 curare-tipped darts {=fthrowing}
 f - 22 stones {throwing}
Armour
 b - a +0 robe (worn)
 c - a +0 cloak (worn)
 k - an orb of energy
   (You found it on level 1 of the Dungeon)
 o - a +0 robe
   (You found it on level 2 of the Dungeon)
Magical Staves
 l - a staff of poison {!astaff}
   (You found it on level 1 of the Dungeon)
Scrolls
 g - a scroll of fog {unknown}
 i - a scroll of identify {unknown}
 j - a scroll of poison {unknown}
 m - a scroll of noise {unknown}
 n - a scroll of fear {unknown}
Potions
 h - a potion of brilliance {unknown}

Dungeon Overview and Level Annotations

Branches:
Dungeon (2/15) Zot: 10916

Altars:

Annotations:
D:2 Robin

#############
#..@g..g)†)>#
####)#########.########
...........# #....g..).
####.#####.# ##########
#.# #.# #.# #.########
#.# #........# #.#
########.# #.# #.#


You could see Robin and a goblin (strong).


Message History

The adder closely misses you.
A jackal comes into view.
The jackal barks!
The adder attacks as you move away! The adder completely misses you.
Things that are here:
a +0 club {mace}; a goblin corpse The adder attacks as you move away!
The adder closely misses you. The adder bites you.
The adder attacks as you move away! The adder misses you.
The adder attacks as you move away! The adder closely misses you.
The adder bites you but does no damage. The adder attacks as you move away!
The adder bites you.
You are poisoned.
The adder poisons you!
You feel sick.
You feel sick.
Unknown command.
You feel sick.
Unknown command.
You feel sick. The adder barely misses you.
Unknown command.
You closely miss the adder. The adder completely misses you.
You hit the adder but do no damage.
You feel sick.
You are no longer poisoned.
The adder bites you.
* * * LOW HITPOINT WARNING * * *
Unknown command.
You closely miss the adder. The adder barely misses you.
Unknown command.
You hit the adder. The adder bites you.
* * * LOW HITPOINT WARNING * * *
The adder misses you.
Unknown command.
You hit the adder. The adder barely misses you.
You hit the adder but do no damage. The adder misses you.
Unknown command.
You hit the adder. The adder closely misses you.
You closely miss the adder. The adder barely misses you.
Unknown command.
You barely miss the adder. The adder barely misses you.
You miss the adder. The adder bites you but does no damage.
Unknown command.
You hit the adder.
You kill the adder!
You closely miss the jackal. The jackal closely misses you.
Unknown command.
You hit the jackal. The jackal bites you.
You hit the jackal. The jackal barely misses you. The jackal misses you.
You hit the jackal.
You kill the jackal!
Unknown command.
You hit the goblin.
You kill the goblin!
The jackal barely misses you. The jackal closely misses you.
Things that are here:
a +0 club {mace}; a goblin corpse; a jackal corpse Unknown command.
You closely miss the jackal. The jackal misses you.
You hit the jackal. The jackal bites you.
* * * LOW HITPOINT WARNING * * *
Unknown command.
You hit the jackal. The jackal closely misses you.
You barely miss the jackal. The jackal completely misses you.
Unknown command.
You completely miss the jackal. The jackal barely misses you.
The jackal closely misses you.
Unknown command.
You hit the jackal.
You kill the jackal!
Unknown command.
You start resting.
A goblin is nearby!
Danger!
Unknown command.
A goblin comes into view.
It is wielding a +1 dagger of electrocution.
You see here a jackal corpse.
The goblin shouts! x2
You hit the goblin.
You kill the goblin!
Unknown command.
Robin shouts!
You hit the goblin.
You hear a shout!
The goblin barely misses you.
Robin roars a battlecry!
The goblins go into a battle-frenzy!
You barely miss the goblin. The goblin closely misses you.
Unknown command.
You hit the goblin.
You kill the goblin!
Your Stealth skill increases to level 6!
Unknown command.
Things that are here:
a +0 club {mace}; a goblin corpse; a jackal corpse Robin throws the goblin at you!
The goblin hits you with a +1 dagger of electrocution.
The goblin attacks as you move away!
The goblin hits you with a +1 dagger of electrocution.
* * * LOW HITPOINT WARNING * * *
You are electrocuted!
Ouch! That really hurt!
You die...

Skill      XL: |  1  2  3 |
---------------+----------+-----
Short Blades   | 3 |  3.6
Dodging        | 2 |  2.4
Stealth        | 6 |  6.0
Fighting       | |  2.1
Throwing       | |  2.1

Action                   || total
-------------------------++-------
Melee: Dagger            ||    58
 Stab: Sleeping          ||     6
       Distracted        ||     1
Armor: Robe              ||     4
Dodge: Dodged            ||    38

Levels and vault maps discovered:
D:1:      dpeg_arrival_line_fractal, layout_basic
D:2:      layout_loops_ring, uniq_jessica, uniq_robin

Notes
Turn   | Place    | Note
-------+----------+-------------------------------------------
     0 | D:1      | Sobieck the Kobold Brigand began the quest for the Orb.
     0 | D:1      | Reached XP level 1. HP: 12/12 MP: 1/1
   233 | D:1      | You pick up a book of the Tundra and begin reading...
   233 | D:1      | You add the spells Hailstorm, Ice Form and Simulacrum to
                  | your library.
   310 | D:1      | Reached skill level 3 in Short Blades
   618 | D:1      | Reached XP level 2. HP: 17/17 MP: 2/2
   910 | D:2      | Reached skill level 2 in Dodging
   947 | D:2      | Reached XP level 3. HP: 21/21 MP: 3/3
  1003 | D:2      | Noticed Robin
  1088 | D:2      | Reached skill level 6 in Stealth
  1094 | D:2      | Slain by a goblin

Vanquished Creatures
  An adder (D:2)
  A worm (D:2)
  A dart slug (D:2)
  A ball python (D:2)
  2 endoplasms (D:1)
  6 goblins
  A hobgoblin (D:1)
  2 jackals (D:2)
  A kobold (D:1)
  3 quokkas
  A rat (D:1)
20 creatures vanquished.

Table legend:
 A = Non-vault XP
 B = Vault XP
 C = Vault XP percentage of total XP
 D = Non-vault monster count
 E = Vault monster count
 F = Vault count percentage of total count
                 A         B        C        D         E       F
            +---------+---------+-------+---------+---------+-------
      Total |      48 |       8 |  14.3 |      16 |       4 |  20.0
            +---------+---------+-------+---------+---------+-------
        D:1 |      15 |       0 |   0.0 |       8 |       0 |   0.0
        D:2 |      33 |       8 |  19.5 |       8 |       4 |  33.3
            +---------+---------+-------+---------+---------+-------

Illustrated notes

Table legend:
 A = Kills in this place as a percentage of kills in entire the game.
 B = Kills by you in this place as a percentage of kills by you in the entire game.
 C = Kills by friends in this place as a percentage of kills by friends in the entire game.
 D = Other kills in this place as a percentage of other kills in the entire game.
 E = Experience gained in this place as a percentage of experience gained in the entire game.
 F = Experience gained in this place divided by the number of levels of this place that you have seen.
                   A       B       C       D       E      F
               +-------+-------+-------+-------+-------+----------------------
         Total | 100.0 | 100.0 |   N/A |   N/A | 100.0 |  28.0
       Dungeon | 100.0 | 100.0 |   N/A |   N/A | 100.0 |  28.0
               +-------+-------+-------+-------+-------+----------------------

Table legend: (Time is in decaauts)
 A = Elapsed time spent in this place.
 B = Non-inter-level travel time spent in this place.
 C = Inter-level travel time spent in this place.
 D = Time resting spent in this place.
 E = Time spent auto-exploring this place.
 F = Levels seen in this place.
 G = Mean time per level.
                   A        B        C        D        E       F      G
               +--------+--------+--------+--------+--------+-----+--------+
         Total |   1083 |   1061 |     22 |     40 |    883 |   2 |  541.5 |
       Dungeon |   1083 |   1061 |     22 |     40 |    883 |   2 |  541.5 |
               +--------+--------+--------+--------+--------+-----+--------+

Top non-repeatable levels by time:
     D:1: 854 daAuts
     D:2: 229 daAuts
